 Dungeon Crawl Stone Soup version 0.28-a0-1638-g9123634e07 (webtiles) character file.

Game seed: 9722494450379606727

221728 Shayle the Tortoise (level 18, -14/231 HPs)
             Began as a Demonspawn Warper on Jan 25, 2022.
             Was an Initiate of Gozag.
             Demolished by an alligator snapping turtle (30 damage)
             ... on level 4 of the Shoals.
             The game lasted 02:55:03 (45943 turns).

Shayle the Tortoise (Demonspawn Warper)            Turns: 45943, Time: 02:55:03

Health: -14/231    AC: 38    Str: 26    XL:     18   Next: 89%
Magic:  30/30      EV:  2    Int: 18    God:    Gozag
Gold:   1058       SH:  0    Dex: 13    Spells: 17/34 levels left

rFire   + . .      SeeInvis .   M - +8 glaive of the Guard {elec, spectral, AC+5}
rCold   + . .      Faith    .   (shield currently unavailable)
rNeg    . . .      Spirit   .   (armour currently unavailable)
rPois   +          Reflect  .   (helmet currently unavailable)
rElec   +          Harm     .   (cloak currently unavailable)
rCorr   +          Rampage  .   (gloves currently unavailable)
Will    +....      NoTele   +   (boots currently unavailable)
Stlth   ++++......              x - amulet of the acrobat
HPRegen 0.48/turn               y - +6 ring of strength
MPRegen 0.22/turn               H - +4 ring of protection

@: mighty, tree-form, resistant, afraid, gold aura, on berserk cooldown, hasted
and slowed
A: stationary, stasis, torment immunity, boosted hp, foul stench 2, powered by
death 1, robust 1, big brain 2, (demonic touch 3)
a: End Transformation, Renounce Religion, Potion Petition, Call Merchant, Bribe
Branch


You were on level 4 of the Shoals.
You worshipped Gozag.
Gozag was most pleased with you.
You were a tree.
You visited 6 branches of the dungeon, and saw 31 of its levels.
You also visited: Gauntlet and Volcano.

You collected 12320 gold pieces.
You spent 1580 gold pieces at shops.
You paid 9682 gold pieces to Gozag.

Inventory:

Hand Weapons
 k - the +10 dagger "Wev Seoru" {drain, Str+4}
   (You found it on level 3 of the Dungeon)

   A truly terrible weapon, it drains the life of any living foe it strikes.
   Str:       It affects your strength (+4).
 E - the +2 war axe "Daufic" {flame, +Blink Fly rCorr MP-9}
   (You found it on level 7 of the Dungeon)

   It burns those it strikes, dealing additional fire damage.
   Big, fiery blades are also staple armaments of hydra-hunters.
   MP:        It affects your magic capacity (-9).
   Fly:       It grants you flight.
   +Blink:    It lets you blink.
   rCorr:     It protects you from acid and corrosion.
 M - the +8 glaive of the Guard (weapon) {elec, spectral, AC+5}
   (You took it off a tengu conjurer on level 9 of the Dungeon)

   It occasionally discharges a powerful burst of electricity upon striking a
   foe.
   When it strikes, its spirit leaps out and fights alongside the wielder.
   AC:        It affects your AC (+5).
 O - a +2 dagger of distortion
Missiles
 d - 3 throwing nets
 i - 27 poisoned darts
 P - 4 curare-tipped darts (quivered)
 U - 3 silver boomerangs
Armour
 I - the quicksilver dragon scales of the World (melded) {rElec rF+ rC+ Will+}
   (You bought it in a shop on level 4 of the Dungeon)

   rF:        It protects you from fire.
   rC:        It protects you from cold.
   rElec:     It insulates you from electricity.
   Will:      It increases your willpower.
 J - a +2 pair of boots (melded)
 L - a +2 helmet of see invisible (melded)
 T - the +2 cloak of the Thief (melded) {*Fog Slay-2 SInv Stlth+}
   (You found it in a volcano)

   It may release a thick cloud of smoke when the wearer is hurt.
   Slay:      It affects your accuracy & damage with ranged weapons and melee
   (-2).
   SInv:      It lets you see invisible.
   Stlth:     It makes you more stealthy.
Jewellery
 x - an amulet of the acrobat (around neck)
 y - a +6 ring of strength (left branch)
 z - the ring "Gyffy" {rC+ Int+2 SInv}
   (You found it in a Gauntlet)

   [ring of see invisible]

   Int:       It affects your intelligence (+2).
   rC:        It protects you from cold.
   SInv:      It lets you see invisible.
 H - a +4 ring of protection (right branch)
Wands
 n - a wand of digging (29)
 q - a wand of mindburst (24)
 v - a wand of flame (41)
 C - a wand of acid (18)
 Q - a wand of paralysis (10)
 V - a wand of iceblast (12)
Scrolls
 c - 3 scrolls of amnesia
 h - 13 scrolls of teleportation
 t - a scroll of silence
 D - a scroll of enchant weapon
 G - a scroll of magic mapping
 R - 3 scrolls of fog
 W - a scroll of fear
 X - 2 scrolls of immolation
Potions
 a - 2 potions of resistance
 b - a potion of berserk rage
 e - 10 potions of curing
 g - 2 potions of ambrosia
 l - 8 potions of cancellation
 m - 2 potions of magic
 o - 3 potions of lignification
 p - 6 potions of mutation
 s - a potion of flight
 w - 6 potions of haste
 A - 3 potions of might
 N - 5 potions of brilliance
 Y - 4 potions of invisibility
Miscellaneous
 j - a condenser vane


   Skills:
 - Level 12.0 Fighting
 - Level 0.8 Throwing
 - Level 15.2 Armour
 - Level 7.3 Dodging
 - Level 8.2 Stealth
 - Level 2.6 Unarmed Combat
 - Level 8.7 Spellcasting
 - Level 7.0 Hexes
 - Level 7.0 Necromancy
 - Level 13.1 Translocations
 + Level 8.9 Transmutations
 + Level 8.5 Earth Magic
 - Level 10.9 Evocations


You had 17 spell levels left.
You knew the following spells:

 Your Spells              Type           Power      Damage    Failure   Level
a - Blink                 Tloc           100%       N/A       1%          2
b - Manifold Assault      Tloc           53%        N/A       1%          5
c - Anguish               Hex/Necr       16%        N/A       4%          4
d - Statue Form           Tmut/Erth      26%        N/A       36%         6

Your spell library contained the following spells:

 Spells                   Type           Power      Damage    Failure   Level
 Animate Skeleton         Necr           66%        N/A       1%          1
 Apportation              Tloc           100%       N/A       1%          1
 Pain                     Necr           100%       1d9       1%          1
 Gell's Gravitas          Tloc           53%        N/A       1%          3
 Lesser Beckoning         Tloc           53%        N/A       1%          3
 Teleport Other           Tloc           53%        N/A       1%          3
 Vampiric Draining        Necr           33%        2d8       1%          3
 Petrify                  Tmut/Erth      39%        N/A       2%          4
 Ensorcelled Hibernation  Hex/Ice        40%        N/A       3%          2
 Leda's Liquefaction      Hex/Erth       17%        N/A       3%          4
 Spider Form              Tmut/Pois      23%        N/A       4%          3
 Cause Fear               Hex            16%        N/A       4%          4
 Inner Flame              Hex/Fire       20%        N/A       6%          3
 Summon Guardian Golem    Hex/Summ       20%        N/A       6%          3
 Iskenderun's Mystic Bla  Conj/Tloc      31%        2d8       6%          4
 Lee's Rapid Deconstruct  Erth           19%        3d12*     8%          5
 Freeze                   Ice            28%        1d5       9%          1
 Summon Small Mammal      Summ           28%        N/A       9%          1
 Static Discharge         Conj/Air       7%         N/A       14%         2
 Ice Form                 Ice/Tmut       23%        N/A       14%         4
 Fulminant Prism          Conj/Hex       10%        3d9       22%         4
 Call Canine Familiar     Summ           7%         N/A       26%         3
 Mephitic Cloud           Conj/Pois/Air  7%         N/A       26%         3
 Alistair's Intoxication  Tmut/Pois      15%        N/A       38%         5
 Metabolic Englaciation   Hex/Ice        10%        N/A       52%         5
 Airstrike                Air            3%         N/A       65%         4
 Hailstorm                Conj/Ice       7%         3d4       65%         4
 Fireball                 Conj/Fire      3%         3d4       94%         5
 Iskenderun's Battlesphe  Conj           7%         2d6       94%         5
 Lightning Bolt           Conj/Air       3%         1d15      94%         5
 Simulacrum               Ice/Necr       10%        N/A       97%         6
 Conjure Ball Lightning   Conj/Air       3%         3x3d6     100%        6
 Orb of Destruction       Conj           3%         9d5       100%        7
 Discord                  Hex            16%        N/A       100%        8
 Maxwell's Capacitive Co  Air            3%         ∞         100%        8


Dungeon Overview and Level Annotations

Branches:
Dungeon (15/15)            Temple (1/1) D:4            Lair (6/6) D:9
 Shoals (4/4) Lair:2        Snake (3/4) Lair:3        Slime (0/5) Lair:5
    Orc (2/2) D:12            Elf (0/3) Orc:2        Vaults (0/5) D:13
 Depths (0/4) D:15        Volcano (visited)         Gauntlet (visited)

Altars:
Ashenzari
Cheibriados
Dithmenos
Elyvilon
Fedhas
Gozag
Hepliaklqana
Kikubaaqudgha
Makhleb
Nemelex Xobeh
Okawaru
Qazlal
Ru
Sif Muna
Trog
Uskayaw
Vehumet
Wu Jian
Xom
Yredelemnul
Zin
The Shining One
Beogh

Shops:
D:4 [   D:9 (   D:13 (   Orc:1 *   Orc:2 [*=*   Shoals:3 *

Annotations:
D:5 2 runed translucent doors
D:7 1 transporter, 1 runed translucent door, Crazy Yiuf; mightbedylan's ghost, novice KoAM


Innate Abilities, Weirdness & Mutations

You are a tree.
Your roots penetrate the ground, keeping you stationary.
You cannot be teleported.
You are immune to unholy pain and torment.
Your maximum health is greatly increased.
Your equipment is partially melded.
You sometimes emit foul miasma when damaged in melee.
You regenerate a little health from kills.
You are robust. (+10% HP)
You have an extremely huge brain. (Int +4)
((Your touch may irresistibly damage your foes and sap their willpower.))


Message History

* * * LOW HITPOINT WARNING * * *
With a swish of your cloak, you release a cloud of fog.
The alligator snapping turtle closely misses you.
The satyr plays a frightful melody on his pipes!
The satyr radiates an aura of fear!
Unknown command. [a] - 480 gold - resistance, might and haste [b] - 336 gold - invisibility and might [c] - 768 gold - haste, heal wounds, lignification, might and resistance Purchase which effect?
You feel as though your hastened speed will last longer.
You feel much better.
You turn into a tree.
The +2 cloak of the Thief {*Fog Slay-2 SInv Stlth+} melds into your body.
Your +2 helmet of see invisible melds into your body.
Your +2 pair of boots melds into your body.
The quicksilver dragon scales of the World {rElec rF+ rC+ Will+} melds into your body.
You feel less perceptive.
Your roots penetrate the ground.
You feel mightier all of a sudden.
You feel protected.
The harpy is no longer distracted by gold.
The harpy claws you but does no damage. x2
The satyr hits you but does no damage.
The satyr plays a lulling melody on his pipes!
You struggle to resist.
The satyr shoots a sling bullet.
The sling bullet hits you.
* * * LOW HITPOINT WARNING * * *
The alligator snapping turtle bites you but does no damage.
You attempt to attack the satyr, but flinch away in fear!
The satyr no longer looks unusually strong.
The harpy claws you but does no damage. The harpy claws you.
* * * LOW HITPOINT WARNING * * *
The satyr barely misses you.
The harpy claws you but does no damage. x2
The satyr is distracted by your dazzling golden aura.
The satyr plays a lulling melody on his pipes!
You fall asleep.
The satyr hits you from afar with a +2 spear of venom!!
You wake up.
* * * LOW HITPOINT WARNING * * *
The alligator snapping turtle bites you from afar!!
You die...
Your body crumbles into a pile of gold.

#≈.#.## $
#.≈...# $
####.##.#
#...).#...
###.....#...≈≈
###..(#+#....#≈≈
#§§.§#...#...#≈≈
#.§§§#.≈....##
##.♣#§...##.#
#Hcc§....#.# $
#ct§§....###
.§.#.....#
.#..#.[...#
###≈..#...##
$≈... }≈).≈ ≈...
#.##≈


You could see an alligator snapping turtle, 3 satyrs and a harpy.

Vanquished Creatures
  Bai Suzhen (Snake:3)
  Jorgrun (Snake:3)
  A sphinx (Shoals:4)
  A kraken (Shoals:1)
  Kirke (Snake:2)
  Ilsuiw (Shoals:2)
  An ironbound preserver (D:13)
  A stone giant (D:15)
  A minotaur (Gauntlet)
  2 merfolk impalers (Shoals:3)
  Snorg (Lair:5)
  A fire dragon (Volcano)
  A merfolk javelineer (Shoals:3)
  A great orb of eyes (shapeshifter) (D:14)
  A hell beast (Gauntlet)
  8 hydras
  A rakshasa (D:14)
  6 boulder beetles
  8 naga warriors
  6 centaur warriors
  7 anacondas
  5 merfolk avatars
  2 catoblepae (Lair:5)
  7 merfolk aquamancers
  4 ogre magi
  An alligator snapping turtle (Shoals:1)
  17 two-headed ogres
  A death scarab (Gauntlet)
  3 tengu warriors
  An orc high priest (Orc:1)
  9 shock serpents
  6 naga sharpshooters
  Sonja (Lair:1)
  5 skeletal warriors (D:14)
  2 salamander mystics
  11 sea snakes
  2 naga ritualists (Snake:1)
  2 deep trolls (Orc:2)
  2 deep elf pyromancers
  4 lindwurms
  19 harpies
  11 mana vipers
  17 fauns
  3 ugly things
  12 salamanders
  20 manticores
  9 elephants
  3 water nymphs
  12 cyclopes
  28 black mambas
  5 merfolk sirens
  3 smoke demons (Volcano)
  6 guardian serpents
  A gargoyle (D:13)
  A torpor snail (Lair:6)
  9 naga magi
  14 cane toads
  2 unseen horrors
  A komodo dragon (shapeshifter) (D:13)
  Maggie (D:7)
  5 rime drakes
  5 efreet
  An ice devil (Gauntlet)
  10 komodo dragons
  3 tengu conjurers
  17 merfolk
  A queen bee (shapeshifter) (D:14)
  8 wind drakes
  15 trolls
  8 polar bears
  6 slime creatures
  26 blink frogs
  10 dream sheep
  2 hornets
  A spectral dream sheep (Gauntlet)
  Sigmund (D:3)
  7 wyverns
  4 snapping turtles
  14 water elementals
  3 hogs (Snake:2)
  4 wraiths
  81 yaks
  A fire elemental (Lair:4)
  A golden eye (shapeshifter) (D:14)
  5 vampire mosquitoes
  6 steam dragons
  7 basilisks
  5 wargs
  Edmund (D:5)
  25 nagas
  A swamp worm (shapeshifter) (D:9)
  15 water moccasins
  4 acid dragons
  Duvessa (D:4)
  2 hell hounds
  A sky beast (D:6)
  29 orc warriors
  6 ice beasts
  A black bear (D:6)
  2 necrophages
  32 ogres
  10 wolves (Lair:2)
  6 centaurs
  2 phantoms
  2 kobold brigands (D:9)
  6 scorpions
  A wyvern zombie (D:6)
  10 bullfrogs
  A water moccasin zombie (D:5)
  A gnoll sergeant (D:9)
  Dowan (D:4)
  6 killer bees (D:8)
  9 wights
  4 howler monkeys
  An electric eel (Snake:2)
  5 centaur zombies
  17 orc priests
  3 hounds
  7 jellies
  A centaur skeleton (D:7)
  2 gnoll shamans
  An iguana (D:6)
  12 orc wizards
  A killer bee zombie (D:9)
  A hound skeleton (D:4)
  A mummy (D:6)
  2 howler monkey zombies
  7 gnolls
  2 howler monkey skeletons
  9 adders
  3 shadow imps
  3 white imps
  An ufetubus (D:5)
  2 adder skeletons
  3 worms
  2 dart slugs
  67 orcs
  8 endoplasms
  4 giant cockroaches
  4 goblins
  7 hobgoblins
  7 jackals
  9 kobolds
  2 quokkas
  4 ball pythons
  3 bats
  2 hobgoblin zombies (D:6)
  2 orc zombies (D:6)
  3 rats
  A spectral hobgoblin (D:2)
  4 tentacles (Shoals:1)
963 creatures vanquished.

Vanquished Creatures (collateral kills)
  Mlioglotl (Shoals:1)
1 creature vanquished.

Vanquished Creatures (others)
  A boulder beetle (D:15)
  2 anacondas
  A naga sharpshooter (Snake:1)
  A lindwurm (Volcano)
  A salamander (Snake:1)
  A troll (Orc:2)
  A water elemental (Shoals:1)
  2 steam dragons (Volcano)
  3 humans (Snake:2)
  2 nagas
  A hell hound (Volcano)
  2 bushes
  66 fungi
  104 plants
  13 tentacles (Shoals:1)
201 creatures vanquished.

Grand Total: 1165 creatures vanquished

Notes
Turn   | Place    | Note
-------+----------+-------------------------------------------
     0 | D:1      | Shayle the Demonspawn Warper began the quest for the Orb.
     0 | D:1      | Reached XP level 1. HP: 16/16 MP: 3/3
   764 | D:2      | Found a faded altar of an unknown god.
   958 | D:1      | Gained mutation: You regenerate a little health from kills.
                  | [demonic ancestry]
   958 | D:1      | Reached XP level 2. HP: 22/22 MP: 5/5
   998 | D:1      | Reached skill level 1 in Stealth
  1807 | D:2      | Found an iron altar of Okawaru.
  2347 | D:2      | Gained mutation: Your touch may inflict minor irresistible
                  | damage on your foes. [demonic ancestry]
  2347 | D:2      | Reached XP level 3. HP: 18/28 MP: 6/6
  3373 | D:3      | Identified the +10 dagger "Wev Seoru" {drain, Str+4}
  3541 | D:3      | Noticed Sigmund
  3564 | D:3      | Killed Sigmund
  3565 | D:3      | Reached XP level 4. HP: 20/34 MP: 7/7
  3565 | D:3      | Reached XP level 5. HP: 24/40 MP: 8/8
  4232 | D:4      | Found Sojoap's Armour Shop.
  4313 | D:4      | Noticed a phantom
  4410 | D:4      | Noticed Duvessa
  4425 | D:3      | Reached skill level 5 in Stealth
  4425 | D:3      | Reached XP level 6. HP: 20/46 MP: 9/9
  4673 | D:4      | Found a staircase to the Ecumenical Temple.
  4713 | Temple   | Entered the Ecumenical Temple
  4878 | Temple   | Became a worshipper of Gozag Ym Sagoz the Greedy
  5136 | D:4      | Noticed Dowan
  5147 | D:5      | Entered Level 5 of the Dungeon
  5303 | D:5      | Gained mutation: You may rarely emit foul miasma when
                  | damaged in melee. [demonic ancestry]
  5303 | D:5      | Reached XP level 7. HP: 21/51 MP: 10/10
  5688 | D:5      | Noticed Edmund
  6026 | D:4      | Bought a +2 pair of gloves of stealth for 279 gold pieces
  6060 | D:4      | Killed Duvessa
  6061 | D:4      | Reached skill level 1 in Armour
  6065 | D:4      | Killed Dowan
  6066 | D:4      | Gained mutation: You have an unusually large brain. (Int
                  | +2) [demonic ancestry]
  6066 | D:4      | Reached XP level 8. HP: 50/58 MP: 11/11
  6239 | D:4      | Reached skill level 2 in Armour
  6444 | D:5      | Killed Edmund
  6500 | D:5      | Found a runed translucent door.
  6579 | D:5      | Found a runed translucent door.
  6730 | D:5      | Reached skill level 3 in Armour
  7155 | D:6      | Found a hide-covered altar of Uskayaw.
  7157 | D:6      | Found a shimmering altar of Xom.
  7159 | D:6      | Found a burning altar of Makhleb.
  7159 | D:6      | Found a shadowy altar of Dithmenos.
  7381 | D:6      | Reached skill level 5 in Fighting
  7412 | D:6      | Noticed a troll
  7738 | D:6      | Reached skill level 4 in Armour
  7738 | D:6      | Reached XP level 9. HP: 57/68 MP: 12/12
  7970 | D:6      | Killed a troll
  8339 | D:6      | Reached skill level 5 in Dodging
  8375 | D:6      | Reached skill level 5 in Armour
  8918 | D:7      | Noticed Maggie
  8925 | D:7      | Identified the +2 war axe "Daufic" {flame, +Blink Fly rCorr
                  | MP-9}
  9178 | D:7      | Noticed a queen bee
  9193 | D:7      | Noticed mightbedylan's ghost (novice KoAM)
  9199 | D:7      | Found a transporter.
  9487 | D:8      | Reached skill level 6 in Armour
  9513 | D:8      | Reached XP level 10. HP: 76/79 MP: 13/13
 10209 | D:7      | Found a runed translucent door.
 10210 | D:7      | Noticed Crazy Yiuf
 10314 | D:7      | Killed Maggie
 10733 | D:9      | Found Irimn's Antique Weapon Boutique.
 10909 | D:9      | Reached skill level 7 in Armour
 10994 | D:4      | Bought the quicksilver dragon scales of the World {rElec
                  | rF+ rC+ Will+} for 1144 gold pieces
 11288 | D:9      | Noticed a brown ugly thing
 11309 | D:9      | Killed a brown ugly thing
 11614 | D:9      | Noticed a two-headed ogre
 11830 | D:8      | Reached skill level 8 in Armour
 11904 | D:9      | Gained mutation: You have an extremely huge brain. (Int +4)
                  | [demonic ancestry]
 11904 | D:9      | Reached XP level 11. HP: 89/89 MP: 14/14
 12065 | D:9      | Killed a two-headed ogre
 12074 | D:9      | Found a staircase to the Lair.
 12086 | Lair:1   | Entered Level 1 of the Lair of Beasts
 12214 | Lair:1   | Reached skill level 10 in Fighting
 12226 | Lair:1   | Noticed Sonja
 12229 | Lair:1   | Killed Sonja
 12230 | Lair:1   | Reached skill level 9 in Armour
 12502 | Lair:1   | Noticed a four-headed hydra
 12513 | Lair:1   | Killed a one-headed hydra
 12779 | Lair:1   | Noticed a four-headed hydra
 13034 | Lair:1   | Killed a one-headed hydra
 13035 | Lair:1   | Reached skill level 10 in Armour
 13546 | Lair:2   | Found a staircase to the Shoals.
 13567 | Lair:2   | Gained mutation: You are robust. (+10% HP) [demonic
                  | ancestry]
 13567 | Lair:2   | Reached XP level 12. HP: 93/110 MP: 15/15
 14081 | Lair:2   | Reached skill level 5 in Translocations
 14491 | Lair:3   | Found a staircase to the Snake Pit.
 14562 | Lair:3   | Reached skill level 1 in Evocations
 14623 | Lair:3   | Noticed a five-headed hydra
 14628 | Lair:3   | Learned a level 2 spell: Blink
 14634 | Lair:3   | Learned a level 5 spell: Manifold Assault
 14683 | Lair:3   | Killed a one-headed hydra
 16215 | Lair:5   | Noticed a catoblepas
 16215 | Lair:5   | Noticed a catoblepas
 16422 | Lair:5   | Reached XP level 13. HP: 97/118 MP: 16/16
 16698 | Lair:5   | Reached skill level 5 in Evocations
 16946 | Lair:5   | Found a staircase to the Slime Pits.
 17129 | Lair:5   | Found an ornate altar of the Wu Jian Council.
 17150 | Lair:5   | Noticed Snorg
 17155 | Lair:5   | Killed Snorg
 18012 | Lair:6   | Entered Level 6 of the Lair of Beasts
 18337 | Lair:6   | Reached skill level 10 in Translocations
 19814 | Lair:6   | Gained mutation: You sometimes emit foul miasma when
                  | damaged in melee. [demonic ancestry]
 19814 | Lair:6   | Reached XP level 14. HP: 67/126 MP: 8/17
 20344 | Lair:6   | Identified the +3 rapier of the Original Sin {pain, rN+
                  | rCorr Int-2}
 20826 | D:9      | Identified the +1 ring mail of Hepliaklqana's Reproof
                  | {Regen+ Dex+2}
 20995 | D:10     | Entered Level 10 of the Dungeon
 21943 | D:11     | Got the Collected Works on Congealing Orientation
 22157 | D:11     | Found Uwadib Eciu's Jewellery Boutique.
 22608 | D:12     | Found a staircase to the Orcish Mines.
 22715 | D:12     | Reached skill level 11 in Armour
 23428 | Shoals:1 | Entered Level 1 of the Shoals
 23523 | Shoals:1 | Reached skill level 10 in Evocations
 24269 | Shoals:1 | Noticed Mlioglotl
 24274 | Shoals:1 | Noticed a cacodemon
 24281 | Shoals:1 | Killed Mlioglotl
 24282 | Shoals:1 | Reached XP level 15. HP: 76/132 MP: 9/22
 24495 | Shoals:1 | Reached skill level 5 in Spellcasting
 25136 | Shoals:1 | Learned a level 4 spell: Anguish
 25160 | Shoals:1 | Noticed a kraken
 25519 | Shoals:1 | Reached skill level 12 in Armour
 25528 | Shoals:1 | Reached skill level 1 in Necromancy
 25541 | Shoals:1 | Reached skill level 1 in Hexes
 26412 | Shoals:2 | Identified a scroll of acquirement
 26413 | Shoals:2 | Acquired the +6 Majin-Bo {vamp, MP+6 Int+6}
 26413 | Shoals:2 | Found the +6 Majin-Bo {vamp, MP+6 Int+6}
 27005 | Shoals:2 | Got the Disquisition on Feathers
 27805 | Orc:1    | Entered Level 1 of the Orcish Mines
 28109 | Orc:1    | Found Tos Gau's Assorted Antiques.
 28120 | Orc:1    | Bought a runed cloak for 157 gold pieces
 28435 | Orc:2    | Entered Level 2 of the Orcish Mines
 28454 | Orc:2    | Found Rennidd's General Store.
 28476 | Orc:2    | Reached skill level 5 in Necromancy
 28485 | Orc:2    | Gained mutation: Your touch may inflict irresistible damage
                  | on your foes. [demonic ancestry]
 28485 | Orc:2    | Reached XP level 16. HP: 133/139 MP: 13/27
 28493 | Orc:2    | Reached skill level 5 in Hexes
 28503 | Orc:2    | Found Wuhy's Jewellery Emporium.
 28508 | Orc:2    | Found Javitz's General Store.
 28509 | Orc:2    | Found Vacwem's Armour Shop.
 28526 | Orc:2    | Found a gate leading to a gauntlet.
 28535 | Gauntlet | Entered a Gauntlet
 28535 | Gauntlet | Found a transporter.
 28535 | Gauntlet | Found a transporter.
 28551 | Gauntlet | Found a transporter.
 28555 | Gauntlet | Found a transporter.
 28562 | Gauntlet | Found a runed translucent door.
 28565 | Gauntlet | Found a transporter.
 28567 | Gauntlet | Found a transporter.
 28575 | Gauntlet | Found a transporter.
 28591 | Gauntlet | Found a transporter.
 28606 | Gauntlet | Found a transporter.
 28610 | Gauntlet | Found a transporter.
 28621 | Gauntlet | Found a transporter.
 28622 | Gauntlet | Found a transporter.
 28759 | Gauntlet | Identified the +0 pair of gloves of Objectivity {Harm rPois
                  | rCorr Dex-3}
 28788 | Gauntlet | Identified the ring "Gyffy" {rC+ Int+2 SInv}
 28946 | Orc:2    | Found a staircase to the Elven Halls.
 28980 | Orc:2    | Found a dark tunnel.
 28985 | Volcano  | Entered a volcano
 29244 | Volcano  | Reached skill level 13 in Armour
 29280 | Volcano  | Found the +2 cloak of the Thief {*Fog Slay-2 SInv Stlth+}
 30170 | Snake:1  | Entered Level 1 of the Snake Pit
 31262 | Lair:1   | Reached XP level 17. HP: 146/146 MP: 29/29
 33586 | Snake:1  | Learned a level 6 spell: Statue Form
 34596 | Snake:2  | Noticed Kirke
 34597 | Snake:2  | Reached skill level 5 in Transmutations
 34606 | Snake:2  | Killed Kirke
 34996 | Snake:2  | Found a stormy altar of Qazlal.
 35933 | Snake:3  | Noticed Bai Suzhen
 35948 | Snake:3  | Killed Bai Suzhen
 35949 | Snake:3  | Reached skill level 5 in Earth Magic
 35959 | Snake:3  | Reached skill level 14 in Armour
 36738 | Snake:3  | Noticed Jorgrun
 36750 | Snake:3  | Killed Jorgrun
 36751 | Snake:3  | Gained mutation: Your touch may irresistibly damage your
                  | foes and sap their willpower. [demonic ancestry]
 36751 | Snake:3  | Reached XP level 18. HP: 112/154 MP: 4/30
 38705 | D:13     | Found Otatteize's Antique Weapon Boutique.
 39291 | D:13     | Found a gate to the Vaults.
 41806 | D:15     | Entered Level 15 of the Dungeon
 42246 | D:15     | Found a staircase to the Depths.
 43957 | Shoals:3 | Reached skill level 15 in Armour
 44214 | Shoals:3 | Found Zafiatt's General Store.
 44583 | Shoals:3 | Noticed Ilsuiw
 44743 | Shoals:2 | Killed Ilsuiw
 45509 | Shoals:4 | Entered Level 4 of the Shoals
 45943 | Shoals:4 | Demolished by an alligator snapping turtle

Illustrated notes

Levels and vault maps discovered:
D:1:      elethiomel_arrival_maze, layout_basic
D:2:      layout_loops_corners, basic_altar,
          dreamdust_ecumenical_altar_drowned_temple, wad_orctagon
D:3:      layout_loops_ring, nicolae_underground_beach, uniq_sigmund
D:4:      layout_loops_ring, temple_pool_b, nicolae_stop_n_shop_2, uniq_duvessa
D:5:      lemuel_insect_pit, layout_basic, uniq_edmund
D:6:      kennysheep_windowed_halls, layout_cave_pools,
          mainiacjoe_overflow_alcove_3, minmay_mini_ossuary
D:7:      layout_basic, gammafunk_ghost_hive,
          eino_small_chamber_without_monster, uniq_crazy_yiuf_cottage,
          uniq_maggie
D:8:      layout_cave_pools, hangedman_decor_slide_cut,
          minmay_increasing_density
D:9:      minmay_the_grid_four_pointed_star_mashed
          [minmay_the_grid_triangle_9x9_negative_grid,
          minmay_the_grid_triangle_9x9_sprig,
          minmay_the_grid_triangle_9x9_from_above,
          minmay_the_grid_triangle_9x9_steps,
          minmay_the_grid_prize_shrinking_boxes], layout_loops_ring,
          grunt_lair_entry_orc_guard_hut, serial_shops,
          nicolae_shop_hallway_plus, kennysheep_generic_room_10
D:10:     layout_loops_ring
D:11:     layout_roguey, serial_shops, nicolae_shop_waterfront,
          nicolae_elevator_lobby_plus
D:12:     layout_cave_pools, david_orc_3
D:13:     layout_loops_ring, skrybe_vaults_entry_preservation, serial_shops,
          shop
D:14:     layout_basic, special_room [special_room_orc], serial_park_paths
          [serial_park_minivault_5x5_6]
D:15:     grunt_enter_depths_snipers, layout_cave_pools, kennysheep_flooded_box,
          serial_column_ruins, column_ruins_grid_1, column_ruins_columns_T,
          column_ruins_open_small, column_ruins_corridor_corner,
          column_ruins_open_small
Temple:   regret_index_temple_mists
Lair:1:   layout_roguey, grunt_megastairs_5, uniq_sonja
Lair:2:   layout_loops_ring, shoals_dummy_entry, serial_bayou_pond_d,
          lemuel_fruit_fields
Lair:3:   layout_cellular_growth, dummy_snake_entry, serial_bayou_pond_e,
          chequers_serial_rivers_large_a, cheibrodos_lair_reptile_den
Lair:4:   layout_gridlike, infiniplex_staircase_pool_2
Lair:5:   nzn_motion_control, layout_hall_layers,
          nicolae_slime_entry_slimehenge, basic_altar, uniq_snorg
Lair:6:   gammafunk_lair_ancient_temple, layout_gridlike, grunt_megastairs_2
Shoals:1: cheibrodos_shoals_roost, layout_shoals, uniq_mlioglotl
Shoals:2: layout_shoals, nicolae_shoals_lost_giant_amphitheater,
          nicolae_shoals_aquamancer_cove
Shoals:3: layout_shoals, serial_shops, nicolae_shop_advertising_works
          [nicolae_subvault_shop_adworks], nicolae_shoals_elemental_ambush,
          uniq_ilsuiw
Shoals:4: shoals_end_hellmonk_lost_city
Snake:1:  nrook_guardian_serpent_snake_passage, layout_chambers
Snake:2:  cheibrodos_forgotten_conduit, layout_layer_cave, basic_altar,
          serial_bayou_pond_b, uniq_kirke
Snake:3:  layout_cave_pods, nicolae_snake_bzzzt, uniq_jorgrun, uniq_vashnia,
          uniq_bai_suzhen
Orc:1:    layout_caves, serial_shops, nicolae_shop_overgrown_old_shop,
          mines1_david
Orc:2:    st_orc_open, layout_caves, gauntlet_entry_generic,
          nicolae_volcano_entry_s_turn

Skill      XL: |  1  2  3  4  5  6  7  8  9 10 11 12 13 14 15 16 17 18 |
---------------+-------------------------------------------------------+-----
Unarmed Combat | 2 |  2.6
Stealth        | 1 4 5 6 8 |  8.2
Fighting       | 3 5 7 9 11 12 | 12.0
Armour         | 1 4 6 8 10 11 12 13 14 15 | 15.2
Dodging        | 2 4 6 7 |  7.3
Translocations | 4 8 11 13 | 13.1
Evocations     | 4 7 10 | 10.9
Spellcasting   | 4 7 8 |  8.7
Necromancy     | 5 6 7 |  7.0
Hexes          | 4 6 7 |  7.0
Transmutations | 3 5 8 |  8.9
Earth Magic    | 3 5 8 |  8.5
Throwing       | |  0.8

Action                   |  1- 3 |  4- 6 |  7- 9 | 10-12 | 13-15 | 16-18 || total
-------------------------+-------+-------+-------+-------+-------+-------++-------
Melee: Unarmed           |   170 |       |       |       |       |       ||   170
       Punch             |     5 |     1 |     5 |     7 |     1 |     1 ||    20
       Dagger            |    17 |    51 |   223 |   178 |       |       ||   469
       Touch             |     9 |     3 |    41 |    37 |     6 |     5 ||   101
       Glaive            |       |       |       |   184 |   792 |   872 ||  1848
       War axe           |       |       |       |    18 |    18 |    22 ||    58
Throw: Boomerang         |     5 |       |     6 |       |       |       ||    11
       Throwing net      |       |       |       |     1 |       |       ||     1
       Dart              |       |       |       |       |       |     1 ||     1
 Cast: Manifold Assault  |       |       |       |       |   153 |   208 ||   361
       Anguish           |       |       |       |       |       |    41 ||    41
Invok: Potion Petition   |       |       |       |       |     3 |    18 ||    21
Evoke: Wand              |       |       |     8 |    10 |     2 |     4 ||    24
       Piece from Xom's  |       |       |       |     3 |       |       ||     3
       Condenser vane    |       |       |       |       |     2 |       ||     2
  Use: Scroll            |     3 |     4 |    11 |     7 |    16 |     6 ||    47
       Potion            |       |       |     2 |     2 |     7 |     9 ||    20
 Stab: Sleeping          |     3 |    11 |    14 |    21 |     9 |    10 ||    68
       Distracted        |       |       |       |     4 |    11 |     8 ||    23
       Paralysed         |       |       |       |     2 |       |       ||     2
       Invisible         |       |       |       |       |       |     5 ||     5
Armor: Leather armour    |    42 |     5 |    64 |    25 |       |       ||   136
       Quicksilver drago |       |       |       |   185 |   410 |   623 ||  1218
       Skin              |       |       |       |       |       |     7 ||     7
Dodge: Dodged            |    90 |    20 |   129 |   350 |   533 |   703 ||  1825

Table legend: (Time is in decaauts)
 A = Elapsed time spent in this place.
 B = Non-inter-level travel time spent in this place.
 C = Inter-level travel time spent in this place.
 D = Time resting spent in this place.
 E = Time spent auto-exploring this place.
 F = Levels seen in this place.
 G = Mean time per level.
                   A        B        C        D        E       F      G
               +--------+--------+--------+--------+--------+-----+--------+
         Total |  47690 |  45056 |   2634 |  14660 |  16400 |  33 | 1445.2 |
       Dungeon |  19553 |  18546 |   1007 |   4961 |   7361 |  15 | 1303.5 |
        Temple |    235 |    216 |     19 |      0 |    183 |   1 |  235.0 |
          Lair |   9788 |   8900 |    888 |   2319 |   3705 |   6 | 1631.3 |
        Shoals |   7542 |   7231 |    311 |   3044 |   2298 |   4 | 1885.5 |
     Snake Pit |   8237 |   7911 |    326 |   3973 |   2351 |   3 | 2745.7 |
  Orcish Mines |   1369 |   1288 |     81 |     62 |    312 |   2 |  684.5 |
       Volcano |    547 |    547 |      0 |    175 |    187 |   1 |  547.0 |
      Gauntlet |    414 |    414 |      0 |    125 |      0 |   1 |  414.0 |
               +--------+--------+--------+--------+--------+-----+--------+

Top non-repeatable levels by time:
 Snake:2: 3766 daAuts
 Snake:1: 3275 daAuts
Shoals:1: 2945 daAuts
  Lair:5: 2570 daAuts
Shoals:2: 2541 daAuts
  Lair:6: 2015 daAuts
    D:14: 1975 daAuts
Shoals:3: 1915 daAuts
  Lair:1: 1758 daAuts
     D:1: 1735 daAuts
     D:5: 1678 daAuts
     D:6: 1608 daAuts
     D:2: 1571 daAuts
     D:9: 1537 daAuts
  Lair:3: 1401 daAuts
